[Event "ICC tourney 2212 (3 2)"]
[Site "Internet Chess Club"]
[Date "2020.12.18"]
[Round "9"]
[White "yogokings12"]
[Black "Jeffchess"]
[Result "1-0"]
[ICCResult "Black checkmated"]
[WhiteElo "1575"]
[BlackElo "1254"]
[Opening "KGD: classical variation"]
[ECO "C30"]
[NIC "KG.05"]
[Time "22:07:05"]
[TimeControl "180+2"]

1. e4 e5 2. f4 Bc5 3. Nf3 exf4 4. d4 Bd6 5. e5 Be7 6. Bxf4 c5 7. c3 cxd4 8.
cxd4 Nc6 9. Nc3 a6 10. Bc4 b5 11. Bb3 Bb4 12. O-O h6 13. Nd5 Nge7 14. e6
dxe6 15. Nc7+ Kf8 16. Nxa8 Bb7 17. Nc7 Bd6 18. Bxd6 Qxd6 19. d5 exd5 20.
Nxd5 Na5 21. Nxe7 Qb6+ 22. Kh1 Kxe7 23. Qe2+ Kd8 24. Rad1+ Kc8 25. Bxf7 Kb8
26. Qe5+ Qc7 27. Qxc7+ Kxc7 28. Ne5 Bc8 29. Bg6 Nc6 30. Nxc6 Kxc6 31. Be4+
Kc5 32. Rf7 g5 33. Rc7+ Kb6 34. Rdc1 Rd8 35. Rxc8 Rd4 36. Bf3 Ka5 37. R8c6
Rd2 38. Rb1 b4 39. Rxh6 Kb5 40. Rg6 a5 41. Rxg5+ Ka4 42. Bc6# {Black
checkmated} 1-0

[Event "ICC tourney 2212 (3 2)"]
[Site "Internet Chess Club"]
[Date "2020.12.18"]
[Round "9"]
[White "hackerguru"]
[Black "baldwinsthename"]
[Result "1-0"]
[ICCResult "Black checkmated"]
[WhiteElo "1756"]
[BlackElo "1215"]
[Opening "Queen's pawn game, Chigorin variation"]
[ECO "A04"]
[NIC "QP.11"]
[Time "22:07:04"]
[TimeControl "180+2"]

1. Nf3 Nc6 2. d4 d5 3. Bf4 Bg4 4. e3 e6 5. c3 f6 6. h3 Bxf3 7. Qxf3 e5 8.
Bh2 e4 9. Qd1 Bd6 10. Bxd6 Qxd6 11. c4 dxc4 12. Bxc4 Qb4+ 13. Nd2 Qxb2 14.
Rb1 Qc3 15. Rxb7 O-O-O 16. Qb1 Kd7 17. Qxe4 Re8 18. Qd5+ Kc8 19. Qxc6 Qa5
20. Ba6 Ne7 21. Rb8+ Kxb8 22. Qb7# {Black checkmated} 1-0

[Event "ICC tourney 2212 (3 2)"]
[Site "Internet Chess Club"]
[Date "2020.12.18"]
[Round "9"]
[White "iszerencsy"]
[Black "Zapateado"]
[Result "0-1"]
[ICCResult "White checkmated"]
[WhiteElo "1377"]
[BlackElo "1908"]
[Opening "Sicilian: Smith-Morra gambit"]
[ECO "B21"]
[NIC "SI.48"]
[Time "22:07:07"]
[TimeControl "180+2"]

1. e4 c5 2. d4 cxd4 3. c3 g6 4. cxd4 d5 5. Nc3 dxe4 6. Nxe4 Bg7 7. Nf3 Nf6
8. Bd3 O-O 9. Be3 Nd5 10. Bd2 Nc6 11. Bc3 Nf4 12. Bc4 Nxg2+ 13. Kf1 Bh3 14.
Kg1 Qc8 15. Nfg5 Nf4 16. Qf3 Qg4+ 17. Qxg4 Bxg4 18. d5 Ne5 19. Bxe5 Bxe5 20.
f3 Bf5 21. h4 h6 22. Ng3 hxg5 23. Nxf5 gxf5 24. hxg5 Kg7 25. Kf2 Rh8 26. d6
Bxd6 27. Rad1 Rac8 28. Rxh8 Rxh8 29. Bf1 Rh2+ 30. Kg3 Ne2# {White
checkmated} 0-1

[Event "ICC tourney 2212 (3 2)"]
[Site "Internet Chess Club"]
[Date "2020.12.18"]
[Round "9"]
[White "Goran21"]
[Black "MrNormalName"]
[Result "1-0"]
[ICCResult "Black checkmated"]
[WhiteElo "2008"]
[BlackElo "2181"]
[Opening "Ruy Lopez: Berlin defense"]
[ECO "C65"]
[NIC "RL.07"]
[Time "22:07:20"]
[TimeControl "180+2"]

1. e4 e5 2. Nf3 Nc6 3. Bb5 Nf6 4. d3 Bc5 5. c3 O-O 6. O-O d6 7. h3 Ne7 8.
Re1 c6 9. Ba4 Ng6 10. d4 Bb6 11. Nbd2 Re8 12. Nc4 exd4 13. Nxb6 axb6 14.
Qxd4 c5 15. Qd1 Rxe4 16. Rxe4 Nxe4 17. Bb3 Be6 18. Bxe6 fxe6 19. Be3 Qf6 20.
Qb3 Ra6 21. Re1 d5 22. Qb5 Qe7 23. a3 Nd6 24. Qb3 Qc7 25. Ng5 Nf8 26. Bf4
Qd7 27. Nxe6 Nxe6 28. Qxd5 Kf7 29. Bxd6 g6 30. Qf3+ Ke8 31. Qf8#
{Black checkmated}
1-0

[Event "ICC tourney 2212 (3 2)"]
[Site "Internet Chess Club"]
[Date "2020.12.18"]
[Round "9"]
[White "Harsha777"]
[Black "ritterfork"]
[Result "1-0"]
[ICCResult "Black checkmated"]
[WhiteElo "2559"]
[BlackElo "1846"]
[Opening "King's Indian: Averbakh system"]
[ECO "E73"]
[NIC "KI.26"]
[Time "22:06:58"]
[TimeControl "180+2"]

1. c4 Nf6 2. Nc3 g6 3. e4 d6 4. d4 Bg7 5. Be2 O-O 6. Bg5 Na6 7. Nf3 e5 8. d5
h6 9. Bh4 Qe8 10. Nd2 Kh7 11. Rb1 Nd7 12. b4 f5 13. f3 Nf6 14. O-O f4 15.
Bf2 g5 16. c5 Nb8 17. cxd6 cxd6 18. Nb5 Qe7 19. Nc4 Ne8 20. Nxa7 Bd7 21. Nb6
h5 22. Nxa8 Nf6 23. Nb6 Rg8 24. Nxd7 Nbxd7 25. Rb3 Bf8 26. h3 Rg6 27. Nb5
Qg7 28. Nc7 g4 29. Ne6 Qg8 30. fxg4 hxg4 31. hxg4 Nxg4 32. Bxg4 Rxg4 33.
Rh3+ Bh6 34. Qf3 Nf6 35. Rc1 Qg6 36. Nf8+ Kg8 37. Nxg6 Rxg6 38. Rc8+ Kh7 39.
Rc7+ Rg7 40. Rxh6+ Kxh6 41. Qh3+ Nh5 42. Rxg7 Kxg7 43. Qxh5 f3 44. Bh4 f2+
45. Kxf2 b5 46. Qg5+ Kh7 47. Qf6 Kg8 48. Qe7 Kh8 49. Bf6+ Kg8 50. Qg7#
{Black checkmated}
1-0

[Event "ICC tourney 2212 (3 2)"]
[Site "Internet Chess Club"]
[Date "2020.12.18"]
[Round "9"]
[White "mhebden"]
[Black "breaker90"]
[Result "0-1"]
[ICCResult "White resigns"]
[WhiteElo "2503"]
[BlackElo "2112"]
[Opening "King's Indian: East Indian defense"]
[ECO "A48"]
[NIC "QP.06"]
[Time "22:07:05"]
[TimeControl "180+2"]

1. d4 Nf6 2. Nf3 g6 3. Nc3 d5 4. Bf4 Bg7 5. e3 O-O 6. Be2 c5 7. Ne5 Nc6 8.
O-O cxd4 9. Nxc6 bxc6 10. exd4 Bf5 11. Na4 Nd7 12. c3 e5 13. Be3 Qc7 14. c4
dxc4 15. Bxc4 Nb6 16. Nxb6 axb6 17. dxe5 Qxe5 18. Qb3 Qxb2 19. Rad1 b5 20.
Qxb2 Bxb2 21. Bb3 Rfd8 22. Bb6 Rxd1 23. Rxd1 Be6 24. Bxe6 fxe6 25. g3 Rxa2
26. Rd6 e5 27. Rxc6 Bd4 28. Bc7 Rxf2 29. Kh1 e4 30. Re6 e3 {White resigns}
0-1

[Event "ICC tourney 2212 (3 2)"]
[Site "Internet Chess Club"]
[Date "2020.12.18"]
[Round "9"]
[White "Averyyu321"]
[Black "stephenwilly"]
[Result "0-1"]
[ICCResult "White checkmated"]
[WhiteElo "1739"]
[BlackElo "1496"]
[Opening "Giuoco Pianissimo"]
[ECO "C50"]
[NIC "IG.02"]
[Time "22:07:03"]
[TimeControl "180+2"]

1. e4 e5 2. Nf3 Nc6 3. Bc4 Bc5 4. d3 Nf6 5. c3 O-O 6. O-O d5 7. exd5 Nxd5 8.
Re1 Be6 9. Nxe5 Nxe5 10. Rxe5 Bxf2+ 11. Kh1 Re8 12. Qb3 Qh4 13. Bg5 Qh5 14.
d4 Bg3 15. h4 Bxe5 16. dxe5 h6 17. Bxd5 hxg5 18. Bxe6 Rxe6 19. Nd2 Qxh4+ 20.
Kg1 Rh6 21. Rf1 Qh2+ 22. Kf2 Qf4+ 23. Nf3 g4 24. g3 Qxf3+ 25. Ke1 Qxg3+ 26.
Rf2 Rh2 27. Qxf7+ Kh8 28. e6 Qe3+ 29. Kf1 Rh1+ 30. Kg2 Qh3# {White
checkmated} 0-1

[Event "ICC tourney 2212 (3 2)"]
[Site "Internet Chess Club"]
[Date "2020.12.18"]
[Round "9"]
[White "edenhe"]
[Black "yav"]
[Result "0-1"]
[ICCResult "White forfeits on time"]
[WhiteElo "1518"]
[BlackElo "1216"]
[Opening "QGD: Marshall defense"]
[ECO "D06"]
[NIC "QP.08"]
[Time "22:07:00"]
[TimeControl "180+2"]

1. d4 d5 2. c4 Nf6 3. cxd5 Nxd5 4. e4 Nb6 5. Nf3 Bg4 6. Nc3 Bxf3 7. gxf3 g6
8. Be3 Bg7 9. Be2 Nc6 10. Bb5 O-O 11. Bxc6 bxc6 12. O-O Nc4 13. b3 Nxe3 14.
fxe3 Qd7 15. Rc1 Bh6 16. Qe1 Qh3 17. Na4 Qd7 18. Nc5 Qd6 19. e5 Qd8 20. f4
a5 21. Qh4 Bg7 {White forfeits on time} 0-1

[Event "ICC tourney 2212 (3 2)"]
[Site "Internet Chess Club"]
[Date "2020.12.18"]
[Round "9"]
[White "jy2020"]
[Black "Openyagami"]
[Result "0-1"]
[ICCResult "White resigns"]
[WhiteElo "2227"]
[BlackElo "2604"]
[Opening "Sicilian: Labourdonnais-Löwenthal (Kalashnikov) variation"]
[ECO "B32"]
[NIC "SI.32"]
[Time "22:07:01"]
[TimeControl "180+2"]

1. e4 c5 2. Nf3 Nc6 3. d4 cxd4 4. Nxd4 e5 5. Nb5 d6 6. N1c3 a6 7. Na3 b5 8.
Nd5 Nge7 9. c4 Nxd5 10. exd5 Nd4 11. cxb5 g6 12. Be3 Nf5 13. Bd3 Nxe3 14.
fxe3 Bg7 15. Be2 Qg5 16. O-O Qxe3+ 17. Kh1 O-O 18. bxa6 Bxa6 19. Bxa6 Rxa6
20. Nc4 Qc5 21. Qd3 Ra7 22. a3 f5 23. b4 e4 24. bxc5 exd3 25. Rad1 dxc5 26.
Rxd3 Bd4 27. Nd2 Rd8 28. Nf3 Rxd5 29. Rfd1 Ra4 30. h3 Kg7 31. g3 Kf6 32. Kg2
h6 33. Kf1 g5 34. Ke2 h5 35. R1d2 g4 36. hxg4 hxg4 37. Nxd4 Rdxd4 38. Rxd4
cxd4 39. Rd3 Ke5 40. Rb3 Ke4 41. Kd2 Ra8 42. Ke2 Rh8 43. Kf2 Rh2+ 44. Kg1
Ra2 45. Kf1 d3 46. Ke1 Ke3 47. Rb1 Rh2 {White resigns} 0-1

[Event "ICC tourney 2212 (3 2)"]
[Site "Internet Chess Club"]
[Date "2020.12.18"]
[Round "9"]
[White "Kinawa"]
[Black "Monkeybomb3605"]
[Result "0-1"]
[ICCResult "White checkmated"]
[WhiteElo "1535"]
[BlackElo "2047"]
[Opening "Sicilian: Najdorf"]
[ECO "B90"]
[NIC "SI.14"]
[Time "22:06:59"]
[TimeControl "180+2"]

1. e4 c5 2. Nf3 d6 3. d4 cxd4 4. Nxd4 Nf6 5. Nc3 a6 6. f3 e6 7. Bc4 Be7 8.
Be3 Nc6 9. Qd2 O-O 10. g4 Nd7 11. O-O-O Nde5 12. f4 Nxc4 13. Qe2 Nxe3 14.
Qxe3 Nxd4 15. Rxd4 Qc7 16. f5 Bf6 17. Rd3 b5 18. g5 Be5 19. g6 fxg6 20. Qh3
gxf5 21. exf5 Rxf5 22. Rg1 Bb7 23. Qg4 Raf8 24. Rh3 Rf1+ 25. Rxf1 Rxf1+ 26.
Nd1 Qf7 27. Qh4 Bf4+ 28. Re3 Bxe3+ 29. Kb1 Rxd1# {White checkmated} 0-1

[Event "ICC tourney 2212 (3 2)"]
[Site "Internet Chess Club"]
[Date "2020.12.18"]
[Round "9"]
[White "blackjack721"]
[Black "Shakhmatova"]
[Result "1-0"]
[ICCResult "Black resigns"]
[WhiteElo "1492"]
[BlackElo "1792"]
[Opening "Center game"]
[ECO "C22"]
[NIC "KP.04"]
[Time "22:07:15"]
[TimeControl "180+2"]

1. e4 e5 2. d4 exd4 3. Qxd4 Nc6 4. Qa4 Nf6 5. Nc3 d6 6. Bf4 Bd7 7. O-O-O Be7
8. Nf3 O-O 9. Be2 Ng4 10. Bg3 Nce5 11. Qd4 c5 12. Qd2 Nxf3 13. gxf3 Ne5 14.
Bxe5 Bg5 15. f4 dxe5 16. Qxd7 Bxf4+ 17. Kb1 Qb6 18. Nd5 Qa5 19. Nxf4 exf4
20. Bc4 h6 21. Qg4 Qc7 22. h4 Kh8 23. Rd7 Qe5 24. Rxf7 Rxf7 25. Bxf7 Qxe4
26. Rg1 g5 27. hxg5 Rd8 28. gxh6 Qh7 29. Bg6 Qxh6 30. Be4 Re8 31. Qf5 Rf8
32. Qe5+ Rf6 33. Rh1 Qxh1+ 34. Bxh1 Kg7 35. Qe7+ Rf7 36. Qg5+ Kf8 37. Qxc5+
Re7 38. Qf5+ Ke8 39. a3 Re1+ 40. Ka2 Rxh1 41. Qe4+ Kd7 42. Qxh1 Kc7 43. Qh4
Kb6 44. Qxf4 Ka6 45. Qd4 b6 46. f4 Kb7 47. f5 {Black resigns} 1-0

[Event "ICC tourney 2212 (3 2)"]
[Site "Internet Chess Club"]
[Date "2020.12.18"]
[Round "9"]
[White "miyzhang"]
[Black "masonmcc"]
[Result "0-1"]
[ICCResult "White checkmated"]
[WhiteElo "1227"]
[BlackElo "778"]
[Opening "Caro-Kann: classical, 6.h4"]
[ECO "B18"]
[NIC "CK.11"]
[Time "22:07:55"]
[TimeControl "180+2"]

1. e4 c6 2. d4 d5 3. Nd2 dxe4 4. Nxe4 Bf5 5. Ng3 Bg6 6. h4 h5 7. Be3 e6 8.
Nf3 Nf6 9. Ne5 Bd6 10. Nxg6 fxg6 11. Qd3 Kf7 12. Bg5 Be7 13. Ne4 Nxe4 14.
Bxe7 Qxe7 15. Qxe4 Nd7 16. Bd3 Qf6 17. Qe3 Rae8 18. O-O-O Rhf8 19. Kb1 Kg8
20. f3 b5 21. Qe4 Qf5 22. Qxf5 exf5 23. Rhe1 Nb6 24. Rxe8 Rxe8 25. c3 Nd5
26. c4 bxc4 27. Bxc4 Kf8 28. Bxd5 cxd5 29. Kc2 Re2+ 30. Kb3 Rxg2 31. Kb4
Rxb2+ 32. Kc5 Rxa2 33. Kxd5 Ra3 34. Ke6 Rxf3 35. d5 Rb3 36. d6 Ke8 37. d7+
Kd8 38. Rc1 Rb6+ 39. Kf7 Kxd7 40. Kxg7 a5 41. Ra1 Ra6 42. Kf7 a4 43. Rd1+
Kc8 44. Rc1+ Kb7 45. Rb1+ Ka8 46. Ra1 a3 47. Ke7 a2 48. Kd7 Kb7 49. Ke7 Kb6
50. Kd6 Kb5+ 51. Kd5 Kb4 52. Kd4 Kb3 53. Kd3 Kb2 54. Kd2 Kxa1 55. Kc2 Rc6+
56. Kd2 Kb2 57. Ke3 a1=Q 58. Kf4 Qf1+ 59. Kg5 Qc1# {White checkmated} 0-1

[Event "ICC tourney 2212 (3 2)"]
[Site "Internet Chess Club"]
[Date "2020.12.18"]
[Round "9"]
[White "eigenator"]
[Black "RG2017"]
[Result "1-0"]
[ICCResult "Black checkmated"]
[WhiteElo "2376"]
[BlackElo "1989"]
[Opening "French: Winawer, advance variation"]
[ECO "C16"]
[NIC "FR.09"]
[Time "22:07:02"]
[TimeControl "180+2"]

1. e4 e6 2. d4 d5 3. Nc3 Bb4 4. e5 Ne7 5. Bd2 c5 6. Nb5 Bxd2+ 7. Qxd2 O-O 8.
dxc5 Nd7 9. Nf3 Nc6 10. Qc3 Qa5 11. Qxa5 Nxa5 12. Nbd4 Nc4 13. Bxc4 dxc4 14.
c6 bxc6 15. Nxc6 Bb7 16. Ncd4 Rfd8 17. O-O-O Nc5 18. Nb5 Bd5 19. Nc7 Rac8
20. Nxd5 exd5 21. Nd4 Ne4 22. Rhf1 Re8 23. f3 Nc5 24. Rfe1 Rcd8 25. Nf5 Nb7
26. f4 Kf8 27. Rd4 f6 28. e6 g6 29. e7+ Kf7 30. exd8=Q Rxe1+ 31. Kd2 Nxd8
32. Kxe1 gxf5 33. Rxd5 Ne6 34. Rxf5 Nd4 35. Rc5 Nxc2+ 36. Kd2 Nd4 37. Rxc4
Ne6 38. f5 Ng5 39. Rc7+ Kg8 40. Rxa7 Ne4+ 41. Ke3 Nd6 42. g4 Nc4+ 43. Kd4
Nxb2 44. a4 Nxa4 45. Rxa4 h5 46. g5 h4 47. gxf6 h3 48. Ra7 Kf8 49. Ke5 Ke8
50. Ke6 Kf8 51. Ra8# {Black checkmated} 1-0

[Event "ICC tourney 2212 (3 2)"]
[Site "Internet Chess Club"]
[Date "2020.12.18"]
[Round "9"]
[White "TjkTiger"]
[Black "SupaHotFiya"]
[Result "1-0"]
[ICCResult "Black resigns"]
[WhiteElo "2602"]
[BlackElo "1982"]
[Opening "English opening"]
[ECO "A10"]
[NIC "EO.22"]
[Time "22:07:01"]
[TimeControl "180+2"]

1. c4 d6 2. Nc3 e5 3. g3 f5 4. d4 Be7 5. Bh3 Nc6 6. dxe5 dxe5 7. Qxd8+ Bxd8
8. Be3 Nf6 9. O-O-O Be6 10. b3 g6 11. Nf3 h6 12. Nd5 Kf7 13. Rhf1 g5 14. Bg2
f4 15. Nxf6 Bxf6 16. Bc5 Rad8 17. Nd2 Bf5 18. Bd5+ Kg7 19. Ne4 Bxe4 20. Bxe4
Be7 21. Bxe7 Nxe7 22. Bxb7 Nf5 23. Be4 Nd4 24. e3 Ne6 25. Bd5 Nc5 26. gxf4
exf4 27. exf4 gxf4 28. Kc2 a5 29. Rg1+ Kf6 30. Rg4 Rhe8 31. Rd2 Kf5 32. Rg7
c6 33. Bxc6 Rxd2+ 34. Kxd2 Rd8+ 35. Ke2 Rd4 36. f3 Kf6 37. Ra7 Nd3 38. Be4
Nc1+ 39. Ke1 Nxa2 40. Rxa5 Nc3 41. Rf5+ Ke6 42. Rxf4 Rd1+ 43. Kf2 Rd2+ 44.
Ke3 Rxh2 45. Rf8 h5 46. b4 h4 47. b5 Ke5 48. Re8+ Kd6 49. b6 Rb2 50. b7 Kc7
51. Rc8+ Kd7 52. b8=Q {Black resigns} 1-0

[Event "ICC tourney 2212 (3 2)"]
[Site "Internet Chess Club"]
[Date "2020.12.18"]
[Round "9"]
[White "bopala"]
[Black "chessrex"]
[Result "0-1"]
[ICCResult "White resigns"]
[WhiteElo "1939"]
[BlackElo "1958"]
[Opening "Queen's pawn: Charlick (Englund) gambit"]
[ECO "A40"]
[NIC "QO.17"]
[Time "22:07:11"]
[TimeControl "180+2"]

1. d4 e5 2. dxe5 Nc6 3. Bf4 Nge7 4. Nf3 Ng6 5. Bg3 Qe7 6. e3 Ncxe5 7. Nxe5
Nxe5 8. c3 g6 9. Be2 Bg7 10. O-O O-O 11. Nd2 d6 12. Nf3 b6 13. Nxe5 Bxe5 14.
Bxe5 dxe5 15. Qd5 Rb8 16. Rad1 Bb7 17. Qd7 Qg5 18. Qh3 Rbd8 19. Bf3 e4 20.
Be2 f5 21. Rd4 c5 22. Rxd8 Rxd8 23. Rd1 Rxd1+ 24. Bxd1 Qd8 25. Bb3+ Bd5 26.
Bc2 Qd6 27. Qg3 Qxg3 28. hxg3 Bxa2 29. b3 c4 30. bxc4 Bxc4 31. f3 exf3 32.
gxf3 Kf7 33. Kf2 Ke6 34. e4 fxe4 35. Bxe4 b5 36. Ke3 a5 37. f4 a4 38. Kd2 a3
39. Kc2 Kf6 40. g4 h6 41. Kb1 h5 42. gxh5 gxh5 43. Kc2 h4 44. Kb1 h3 45. Kc2
h2 46. Kd2 a2 47. Kc2 a1=Q 48. f5 Qa2+ 49. Kc1 h1=Q+ 50. Bxh1 Qa1+ 51. Kc2
Qxh1 {White resigns} 0-1

[Event "ICC tourney 2212 (3 2)"]
[Site "Internet Chess Club"]
[Date "2020.12.18"]
[Round "9"]
[White "stocktn2malone"]
[Black "xcelswimmer"]
[Result "0-1"]
[ICCResult "White checkmated"]
[WhiteElo "1715"]
[BlackElo "1920"]
[Opening "French defense"]
[ECO "C00"]
[NIC "FR.01"]
[Time "22:07:08"]
[TimeControl "180+2"]

1. e4 e6 2. Nf3 d5 3. exd5 exd5 4. d4 Nf6 5. Be2 Bd6 6. O-O O-O 7. Ne5 c5 8.
Nf3 Nc6 9. dxc5 Bxc5 10. Bg5 h6 11. Bh4 Bf5 12. Nc3 d4 13. Nb5 a6 14. Nbxd4
Nxd4 15. Nxd4 Qxd4 16. Qxd4 Bxd4 17. c3 Ba7 18. Bc4 b5 19. Bb3 g5 20. Bg3
Ne4 21. Be5 Rfe8 22. Bg3 Nxg3 23. hxg3 Re2 24. Rae1 Rae8 25. Rxe2 Rxe2 26.
Kh2 Rxf2 27. Re1 Bc5 28. Re5 Bd6 29. Rd5 Bf8 30. Kg1 Rxg2+ 31. Kxg2 Be4+ 32.
Kf2 Bxd5 33. Bxd5 Kg7 34. b4 Kg6 35. Bb7 Bg7 36. Bxa6 Bxc3 37. Bxb5 Bxb4 38.
a4 Kf5 39. Bd7+ Ke4 40. Bc6+ Ke5 41. Kf3 f5 42. Be8 Ba5 43. Bd7 Bb6 44. Bc8
g4+ 45. Kg2 h5 46. Bd7 f4 47. gxf4+ Kxf4 48. Be8 h4 49. Bc6 h3+ 50. Kh2 Bc7
51. Bd7 Kf3+ 52. Kh1 Bb6 53. Bc6+ Kf2 54. Kh2 Bc7+ 55. Kh1 g3 56. Bd5 g2+
57. Bxg2 hxg2# {White checkmated} 0-1

[Event "ICC tourney 2212 (3 2)"]
[Site "Internet Chess Club"]
[Date "2020.12.18"]
[Round "9"]
[White "Tacticsguy52"]
[Black "PearsonH"]
[Result "1-0"]
[ICCResult "Black forfeits on time"]
[WhiteElo "1845"]
[BlackElo "1756"]
[Opening "French: Tarrasch, open variation"]
[ECO "C07"]
[NIC "FR.19"]
[Time "22:07:02"]
[TimeControl "180+2"]

1. e4 e6 2. d4 d5 3. Nd2 c5 4. exd5 Qxd5 5. Ngf3 cxd4 6. Bc4 Qd6 7. O-O Nf6
8. Nb3 Nc6 9. Nbxd4 Nxd4 10. Nxd4 a6 11. c3 Qc7 12. Qf3 Qxc4 13. Bg5 Be7 14.
Qg3 h6 15. Be3 g5 16. f4 Nd5 17. Bd2 Qc7 18. Qd3 gxf4 19. c4 Ne3 20. Bxe3
fxe3 21. Qxe3 Bd7 22. Nb3 b6 23. Qf3 Bc6 24. Qxf7+ Kd7 25. Rad1+ Kc8 26.
Qxe6+ Kb7 27. Rf7 Rae8 28. c5 b5 29. Na5+ Qxa5 30. Rxe7+ Rxe7 31. Qxe7+ Qc7
32. Qf6 Rg8 33. g3 h5 34. Re1 Rg7 35. Qh4 Bf3 36. Kf2 Bg4 37. b4 Rf7+ 38.
Kg1 Qd7 39. Qg5 Qd4+ 40. Qe3 Qxe3+ 41. Rxe3 Kc6 42. Kg2 a5 43. h3 Bf5 44. a3
axb4 45. axb4 Rd7 46. Ra3 Rd2+ 47. Kg1 Bxh3 48. Ra6+ Kd5 49. Rd6+ Kc4 50.
Rxd2 Kxb4 51. c6 Kc5 52. Rc2+ Kb6 53. c7 Kb7 54. Rc5 b4 55. Rxh5 Bc8 56.
Rb5+ Kxc7 57. Rxb4 Kd6 58. Rd4+ Ke5 59. Rd1 Kf5 60. Kf2 Kg4 61. Rd4+ Kg5 62.
Rc4 Be6 63. Rc5+ Kg4 64. Re5 Bf5 65. Ke3 Bg6 66. Kf2 Bf5 67. Ra5 Bg6 68.
Ra4+ Kg5 69. Kf3 Bh5+ 70. g4 Bg6 71. Ra5+ Kf6 72. Kf4 {Black forfeits on
time} 1-0

[Event "ICC tourney 2212 (3 2)"]
[Site "Internet Chess Club"]
[Date "2020.12.18"]
[Round "10"]
[White "Monkeybomb3605"]
[Black "ritterfork"]
[Result "1-0"]
[ICCResult "Black checkmated"]
[WhiteElo "2047"]
[BlackElo "1846"]
[Opening "Sicilian: dragon, Yugoslav attack, 10.O-O-O"]
[ECO "B78"]
[NIC "SI.18"]
[Time "22:19:07"]
[TimeControl "180+2"]

1. e4 c5 2. Nf3 d6 3. d4 cxd4 4. Nxd4 Nf6 5. Nc3 g6 6. Be3 Bg7 7. f3 O-O 8.
Qd2 Nc6 9. Bc4 Bd7 10. O-O-O Rc8 11. Bb3 Ne5 12. Kb1 Re8 13. h4 h5 14. g4
hxg4 15. h5 Qa5 16. hxg6 Nxg6 17. Bh6 Bxh6 18. Qxh6 e6 19. Nf5 Nh5 20. Rxh5
exf5 21. Qxg6+ Kf8 22. Qxf7# {Black checkmated} 1-0

[Event "ICC tourney 2212 (3 2)"]
[Site "Internet Chess Club"]
[Date "2020.12.18"]
[Round "10"]
[White "shaivamkale"]
[Black "masonmcc"]
[Result "0-1"]
[ICCResult "White checkmated"]
[WhiteElo "421"]
[BlackElo "778"]
[Opening "Caro-Kann: anti-anti-Caro-Kann defense"]
[ECO "B10"]
[NIC "CK.01"]
[Time "22:19:10"]
[TimeControl "180+2"]

1. e4 c6 2. c4 d5 3. cxd5 cxd5 4. f3 dxe4 5. fxe4 e5 6. Bb5+ Bd7 7. Qh5 Bd6
8. Bc4 Qf6 9. d3 Bc5 10. Nf3 g6 11. Qg4 Bxg4 12. h3 Bxf3 13. gxf3 Qxf3 14.
Rh2 Qg3+ 15. Rf2 Qxf2+ 16. Kd1 Nf6 17. Bd2 O-O 18. Nc3 Qf1+ 19. Be1 Bf2 20.
Kd2 Bxe1+ 21. Rxe1 Qf2+ 22. Kd1 Nc6 23. d4 Nxd4 24. h4 Qc2# {White
checkmated} 0-1

[Event "ICC tourney 2212 (3 2)"]
[Site "Internet Chess Club"]
[Date "2020.12.18"]
[Round "10"]
[White "SupaHotFiya"]
[Black "jy2020"]
[Result "0-1"]
[ICCResult "White resigns"]
[WhiteElo "1982"]
[BlackElo "2227"]
[Opening "Queen's pawn game"]
[ECO "A45"]
[NIC "QP.07"]
[Time "22:19:05"]
[TimeControl "180+2"]

1. d4 Nf6 2. e3 e6 3. Bd3 d5 4. f4 c5 5. c3 b6 6. Qe2 Bb7 7. Nf3 Be7 8. O-O
Nbd7 9. Nbd2 Ne4 10. Ne5 O-O 11. Ndf3 f6 12. Nxd7 Qxd7 13. Bxe4 dxe4 14. Nd2
Rac8 15. Rd1 Rfd8 16. Nf1 Bc6 17. c4 Qb7 18. b3 b5 19. Ba3 bxc4 20. bxc4
cxd4 21. Bxe7 d3 22. Qh5 Qxe7 23. f5 Qc5 24. g4 Be8 25. Qh3 exf5 26. gxf5
Bd7 27. Ng3 Qxe3+ 28. Kh1 Qf3+ 29. Kg1 Bc6 30. Rf1 Qe3+ 31. Kh1 d2 32. Rad1
Qd4 33. Ne2 Qxc4 34. Qg3 Qxe2 {White resigns} 0-1

[Event "ICC tourney 2212 (3 2)"]
[Site "Internet Chess Club"]
[Date "2020.12.18"]
[Round "10"]
[White "MrNormalName"]
[Black "iszerencsy"]
[Result "0-1"]
[ICCResult "White checkmated"]
[WhiteElo "2181"]
[BlackElo "1377"]
[Opening "Old Benoni defense"]
[ECO "A43"]
[NIC "OI.09"]
[Time "22:19:44"]
[TimeControl "180+2"]

1. d4 c5 2. d5 d6 3. e4 Nf6 4. Bd3 g6 5. c4 Bg7 6. h3 O-O 7. Nf3 Nbd7 8. O-O
a6 9. Nc3 e6 10. dxe6 fxe6 11. e5 Nxe5 12. Nxe5 dxe5 13. Bg5 h6 14. Bxf6
Qxf6 15. Ne4 Qe7 16. Qg4 g5 17. Rad1 Rf4 18. Qh5 Bd7 19. Qg6 Be8 20. Nf6+
Qxf6 21. Qh7+ Kf8 22. Be4 Rb8 23. g3 Rf5 24. Bxf5 exf5 25. Rd6 Qxd6 26.
Qxf5+ Qf6 27. Qe4 Bg6 28. Qd5 Qc6 29. Qd2 Bf6 30. f4 Rd8 31. Qe2 Bd3 32. Qh5
Bxf1 33. Qxh6+ Bg7 34. Qxg5 Qg2# {White checkmated} 0-1

[Event "ICC tourney 2212 (3 2)"]
[Site "Internet Chess Club"]
[Date "2020.12.18"]
[Round "10"]
[White "Shakhmatova"]
[Black "chessfidebullet"]
[Result "1-0"]
[ICCResult "Black checkmated"]
[WhiteElo "1792"]
[BlackElo "1289"]
[Opening "English opening"]
[ECO "A20"]
[NIC "EO.24"]
[Time "22:19:15"]
[TimeControl "180+2"]

1. c4 e5 2. g3 d6 3. Bg2 Be6 4. Bxb7 Nd7 5. Bxa8 Qxa8 6. Nf3 Bxc4 7. d3 Bd5
8. e4 Be6 9. Nc3 d5 10. Nb5 Bd6 11. Nxd6+ cxd6 12. O-O Bh3 13. Re1 Ngf6 14.
Ng5 Be6 15. Nxe6 fxe6 16. exd5 Qxd5 17. f4 O-O 18. Be3 Nc5 19. d4 exd4 20.
Qxd4 Qc6 21. Rac1 Ng4 22. b4 Qf3 23. bxc5 Rf6 24. cxd6 Nxh2 25. Rc8+ Kf7 26.
Rc7+ Ke8 27. d7+ Kd8 28. Rc8+ Ke7 29. d8=Q+ Kf7 30. Qe8# {Black checkmated}
1-0

[Event "ICC tourney 2212 (3 2)"]
[Site "Internet Chess Club"]
[Date "2020.12.18"]
[Round "10"]
[White "yav"]
[Black "yogokings12"]
[Result "0-1"]
[ICCResult "White forfeits on time"]
[WhiteElo "1216"]
[BlackElo "1575"]
[Opening "Sicilian"]
[ECO "B50"]
[NIC "SI.01"]
[Time "22:19:09"]
[TimeControl "180+2"]

1. e4 c5 2. Nf3 d6 3. Bc4 Nf6 4. Nc3 e6 5. O-O Be7 6. a3 O-O 7. d3 d5 8.
exd5 Nxd5 9. Bd2 Bf6 10. Bxd5 exd5 11. Rb1 Nc6 12. h3 Be6 13. Na4 Qd6 14.
Nc3 a6 15. Qc1 Ne5 16. Bf4 Nxf3+ 17. gxf3 Qd7 18. Bg5 Bxh3 19. Re1 Qf5 20.
Bxf6 Qxf6 21. Nxd5 Qxf3 22. Qg5 h6 23. Qg3 Qxg3+ 24. fxg3 Be6 25. Nf4 Rfe8
26. Nxe6 Rxe6 27. Rxe6 fxe6 28. Re1 Kf7 29. Kf2 Kf6 30. Kf3 Rd8 31. Kf4 Rd4+
32. Kf3 Kf5 33. Rh1 c4 34. Rh5+ Kg6 35. Re5 cxd3 {White forfeits on time}
0-1

[Event "ICC tourney 2212 (3 2)"]
[Site "Internet Chess Club"]
[Date "2020.12.18"]
[Round "10"]
[White "Jeffchess"]
[Black "edenhe"]
[Result "1-0"]
[ICCResult "Black forfeits on time"]
[WhiteElo "1254"]
[BlackElo "1518"]
[Opening "French: advance variation"]
[ECO "C02"]
[NIC "FR.03"]
[Time "22:19:18"]
[TimeControl "180+2"]

1. e4 e6 2. d4 d5 3. e5 c5 4. c3 Nc6 5. a3 a5 6. Bb5 Qb6 7. Bxc6+ bxc6 8.
Nd2 Ba6 9. Qb3 Qxb3 10. Nxb3 cxd4 11. Nxd4 c5 12. Nc2 Ne7 13. Be3 Nc6 14. f4
h6 15. g3 Be7 16. Nf3 Bd3 17. O-O-O Be4 18. Rhf1 c4 19. Nd2 Bd3 20. Rfe1 a4
21. Nd4 Na5 22. Nb1 Bc5 23. Nd2 Rb8 24. b4 axb3 25. Kb2 Ra8 26. Ra1 Nb7 27.
Nf1 Ra6 28. Ne2 Bxe3 29. Nxe3 Nc5 30. Nd4 Na4+ 31. Kc1 Nxc3 32. Kd2 Na4 33.
Nd1 b2 34. Nxb2 Nxb2 35. Kc3 Na4+ 36. Kb4 {Black forfeits on time} 1-0